cohdb
Replays
Latest Replays
All Replays
Popular Replays
Top Player Replays
Match Explorer
How It Works
Community
CoH3 Stats
Reddit
Sign in to upload your games and track your stats! →
Sign in with Steam
Match 42741466
Unlisted
Match 42741466
Overview
Messages
Build Orders
End
Panzerpioneer Squad
Selects Armored Support Battlegroup
Panzerpioneer Squad
250 Light Carrier
Panzergrenadier Squad
Panzergrenadier Squad
Construct Light Support Kompanie
Fire Support Elements
Flakvierling Half-track
Selects Superior Fire Drills
Panzerjäger Mechanized Group
Vehicle Survival Package
Combat Half-tracks
Pak 38 Anti-tank Gun Team
Panzerjäger Squad
Construct Panzerarmee Kommand
Veteran Squad Leaders
Panzergrenadier Squad
Selects Flammpanzer III Medium Tank
Flammpanzer III Medium Tank
2.5-tonne Medical Truck
Selects Salvage Kits
Construct Panzerarmee Kommand
Selects Panzer Storm
Panzer III L Medium Tank
Selects Command Panzer IV F Medium Tank
Emergency Repair Kits
Armored Reserves
Selects Stuka Anti-tank Loiter
Stuka Anti-tank Loiter
Tiger Heavy Tank
Flak 36 Anti-tank Gun Team
Panzer III L Medium Tank
Rapid Advance
K̳itsuné
Nostalgi@
0
0
Comments
sign in to comment!
No comments posted yet!